AoeStats
← eric05

Arena

510189551Analyzed
2v2 RM · 4d ago on Sep 29, 2026· 88m 44s· 4 players
Game mode
Random Map
Map size
Medium (4 player)
Population
200
Speed
Normal
Resources
Standard
Victory
Conquest
Starting age
Dark Age
Ending age
Imperial Age
RankedLock teamsTeams togetherTeam positionsShared explorationLock speedFull tech treeHidden civsTurbo modeCheats
Victory
Defeat
🇨🇴 Inca · Colombia
1218
+16
🇨🇴 Byzantines · Colombia
1124
+19
🇪🇸 Byzantines · Spain
1215
-18
🇪🇸 Varangians · Spain
1195
-17
GO_ShadowStallion
10:54 Feudal Age
12:17 Double-Bit Axe
15:11 Castle Age
13:29 Loom
13:58 Stone Mining
16:40 Wheelbarrow
21:34 Hand Cart
21:28 Horse Collar
22:17 Bow Saw
26:26 Imperial Age
25:01 Gold Mining
26:50 Fletching
27:13 Scale Barding Armor
27:48 Conscription
28:03 Heavy Plow
28:47 Chain Barding Armor
28:39 Husbandry
29:06 Elite Skirmisher
29:59 Bodkin Arrow
30:05 Padded Archer Armor
33:39 Two-Man Saw
34:28 Ballistics
35:37 Chemistry
34:23 Treadmill Crane
36:04 Gold Shaft Mining
36:50 Plate Barding Armor
36:26 Forging
37:23 Bracer
37:39 Leather Archer Armor
40:16 Stone Shaft Mining
40:15 Murder Holes
40:58 Hoardings
40:34 Logistica
44:00 Caravan
44:56 Block Printing
45:04 Sanctity
44:55 Fervor
45:23 Theocracy
46:02 Iron Casting
45:58 Ring Archer Armor
46:14 Heavy Camel Rider
49:45 Scale Mail Armor
50:54 Elite Cataphract
55:43 Light Cavalry
57:46 Hussar
74:07 Redemption
AgateBeret46004
10:55 Feudal Age
15:16 Castle Age
13:45 Double-Bit Axe
15:42 Horse Collar
19:08 Loom
22:15 Wheelbarrow
22:56 Heavy Plow
24:36 Fletching
24:50 Padded Archer Armor
25:13 Bow Saw
26:59 Hand Cart
27:27 Bodkin Arrow
27:39 Town Watch
28:45 Thumb Ring
28:02 Elite Skirmisher
29:02 Leather Archer Armor
29:45 Ballistics
30:30 Champi Runner
31:10 Squires
30:56 Arson
32:27 Andean Sling
32:34 Champi Warrior
34:30 Masonry
35:07 Forging
34:58 Scale Mail Armor
39:54 Imperial Age
39:47 Iron Casting
39:27 Chain Mail Armor
39:17 Town Patrol
39:54 Capped Ram
40:43 Bracer
41:14 Ring Archer Armor
41:45 Blast Furnace
41:29 Hoardings
40:59 Siege Ram
42:56 Chemistry
42:37 Crop Rotation
42:28 Fabric Shields
42:33 Elite Champi Warrior
45:43 Conscription
45:42 Crossbowman
46:57 Block Printing
47:03 Sanctity
51:00 Redemption
51:52 Murder Holes
52:07 Siege Engineers
55:58 Elite Kamayuk
57:34 Caravan
58:36 Pikeman
63:20 Halberdier
66:30 Fortified Wall
73:33 Plate Mail Armor
74:41 Treadmill Crane
75:02 Arrowslits
tttoni18
10:37 Feudal Age
13:07 Loom
15:24 Castle Age
13:38 Horse Collar
14:02 Double-Bit Axe
15:13 Stone Mining
16:16 Gold Mining
16:42 Bow Saw
17:31 Loom
18:26 Wheelbarrow
18:11 Gold Mining
23:23 Stone Shaft Mining
25:23 Heavy Plow
28:42 Imperial Age
26:23 Town Watch
26:53 Hand Cart
27:25 Town Patrol
28:11 Squires
27:56 Arson
27:31 Man-at-Arms
27:58 Gambesons
28:14 Scale Mail Armor
28:24 Forging
28:33 Vendel Legacy
29:31 Chain Mail Armor
29:26 Forging
28:45 Elite Varangian Guard
30:25 Crop Rotation
31:50 Gothikon
33:09 Iron Casting
33:11 Plate Mail Armor
33:26 Conscription
36:12 Blast Furnace
36:25 Vendel Legacy
36:25 Elite Jarl
37:31 Scale Barding Armor
37:17 Fletching
39:11 Chain Barding Armor
38:52 Capped Ram
38:56 Pikeman
39:42 Husbandry
39:06 Light Cavalry
41:20 Bloodlines
42:19 Chemistry
41:40 Ballistics
41:03 Siege Ram
45:34 Caravan
47:39 Plate Barding Armor
47:00 Bodkin Arrow
48:00 Masonry
50:38 Hussar
53:08 Guilds
54:49 Two-Man Saw
59:50 Bracer
61:11 Coinage
61:10 Padded Archer Armor
61:45 Architecture
61:22 Siege Engineers
60:42 Cranequins
64:41 Elite Skirmisher
64:44 Heavy Mounted Crossbowman
70:06 Onager
83:17 Halberdier
85:19 Heavy Scorpion
eric05
13:21 Feudal Age
17:20 Castle Age
15:52 Double-Bit Axe
15:49 Horse Collar
18:35 Bow Saw
19:10 Heavy Plow
21:49 Imperial Age
23:34 Chemistry
26:15 Wheelbarrow
25:26 Loom
27:00 Padded Archer Armor
29:24 Hand Cart
30:14 Two-Man Saw
31:36 Light Cavalry
32:18 Husbandry
33:16 Scale Barding Armor
33:22 Forging
33:30 Fortified Wall
34:50 Logistica
36:06 Elite Cataphract
37:47 Conscription
39:52 Chain Barding Armor
40:08 Iron Casting
40:42 Gold Mining
40:43 Stone Mining
43:13 Caravan
42:45 Hussar
45:15 Hoardings
46:57 Crop Rotation
48:16 Gold Shaft Mining
48:17 Stone Shaft Mining
48:31 Plate Barding Armor
50:30 Fletching
50:56 Leather Archer Armor
78:53 Heavy Camel Rider
80:17 Heavy Camel Rider
86:14 Bodkin Arrow
Connection lost

Rejoining the realm…

Still unreachable

The connection could not be restored.

Session expired

The server has moved on; the page needs a fresh start.